 Dungeon Crawl Stone Soup version 0.22.1-6-g1668fe2c40 (webtiles) character file.

48 Kohma the Poker (level 3, -3/27 HPs)
             Began as a Merfolk Skald on Jan 19, 2019.
             Slain by a worm (9 damage)
             ... on level 2 of the Dungeon.
             The game lasted 00:05:34 (1638 turns).

Kohma the Poker (Merfolk Skald)                     Turns: 1638, Time: 00:05:34

Health: -3/27      AC:  3    Str: 12    XL:     3   Next: 72%
Magic:  6/6        EV: 13    Int: 12    God:
Gold:   113        SH:  0    Dex: 13    Spells: 1/6 levels left

rFire    . . .     SeeInvis .   a - +1 spear (pain)
rCold    . . .     Gourm    .   (no shield)
rNeg     . . .     Faith    .   b - +0 leather armour
rPois    .         Spirit   .   (no helmet)
rElec    .         Reflect  .   (no cloak)
rCorr    .         Harm     .   (no gloves)
MR       .....                  (no boots)
Stlth    +.........             (no amulet)
HPRegen  0.09/turn              (no ring)
MPRegen  0.10/turn              (no ring)

@: no status effects
A: change form in water, swift swim, stealthy swim
a: no special abilities


You were on level 2 of the Dungeon.
You were not hungry.

You visited 1 branch of the dungeon, and saw 2 of its levels.

You collected 113 gold pieces.

Inventory:

Hand Weapons
 a - a +1 spear of pain (weapon)
 k - a +0 spear of freezing
Missiles
 c - 48 sling bullets
 g - 108 stones (quivered)
 j - 17 poisoned needles
Armour
 b - a +0 leather armour (worn)
Wands
 m - a wand of enslavement (19)
Scrolls
 h - a scroll of remove curse {unknown}
 i - a scroll of identify {unknown}
 n - a scroll of amnesia {unknown}
Potions
 e - a potion of curing {unknown}
 l - a potion of lignification {unknown}
 o - a potion of cancellation {unknown}
 p - a potion of berserk rage {unknown}
Comestibles
 d - 3 rations


   Skills:
 - Level 2.1 Fighting
 * Level 4.0 Polearms
 - Level 0.6 Armour
 + Level 3.2 Dodging
 + Level 2.2 Spellcasting
 * Level 4.0 Charms


You had one spell level left.
You knew the following spells:

 Your Spells              Type           Power        Failure   Level  Hunger
a - Infusion              Chrm           ##..         6%          1    ##.....
b - Song of Slaying       Chrm           ##......     10%         2    ###....
c - Shroud of Golubria    Chrm/Tloc      #.........   22%         2    ###....

Your spell library contained the following spells:

 Spells                   Type           Power        Failure   Level  Hunger
 Regeneration             Chrm/Necr      #.........   41%         3    ####...
 Spectral Weapon          Hex/Chrm       #.......     41%         3    ####...


Dungeon Overview and Level Annotations

Branches:
Dungeon (2/15)

Altars:
Fedhas
Trog
The Shining One


Message History

You hit the worm.
The worm is lightly wounded.
The worm barely misses you.
You hit the worm.
The worm is moderately wounded.
You hit the worm.
The worm is moderately wounded.
The worm bites you but does no damage.
You hit the worm.
The worm is heavily wounded.
You barely miss the worm.
The worm is heavily wounded.
The worm bites you.
* * * LOW HITPOINT WARNING * * *
You hit the worm.
The worm is heavily wounded.
You hit the worm.
The worm is severely wounded.
The worm bites you!
You die...

#..(........# ###
#...........####...#
#..........#....#.#
#...........## #.#
#..........[###.###
#........##...[....
#...)....######.###
##........# #.#
#..@......# #.#
#...w..P.P.# #.###
#.>......_...#####....
#.......P.P.........##
#...........######.##
##.........## #..
#....>##### #..
....... #..# ...#


You could see a worm.

Vanquished Creatures
  2 oozes (D:1)
  2 worms (D:2)
  3 dart slugs (D:1)
  A leopard gecko (D:1)
  2 bats (D:1)
  3 goblins
  A hobgoblin (D:2)
  4 jackals (D:2)
  A frilled lizard (D:1)
  4 kobolds
  6 rats
29 creatures vanquished.

Notes
Turn   | Place    | Note
-------+----------+-------------------------------------------
     0 | D:1      | Kohma the Merfolk Skald began the quest for the Orb.
     0 | D:1      | Reached XP level 1. HP: 16/16 MP: 3/3
   296 | D:1      | Reached XP level 2. HP: 22/22 MP: 0/5
   832 | D:1      | Reached XP level 3. HP: 27/27 MP: 3/6
  1139 | D:2      | Found a bloodstained altar of Trog.
  1263 | D:2      | Found a glowing golden altar of the Shining One.
  1321 | D:2      | Learned a level 2 spell: Song of Slaying
  1324 | D:2      | Learned a level 2 spell: Shroud of Golubria
  1618 | D:2      | Found a blossoming altar of Fedhas.
  1638 | D:2      | Slain by a worm

Skill      XL: |  1  2  3 |
---------------+----------+-----
Dodging        | 3 |  3.2
Polearms       | 4 |  4.0
Charms         | 4 |  4.0
Fighting       | |  2.1
Armour         | |  0.6
Spellcasting   | |  2.2

Action                   || total
-------------------------++-------
Melee: Spear             ||    86
 Cast: Infusion          ||     8
  Eat: Chunk             ||     2
Armor: Leather armour    ||    14
Dodge: Dodged            ||    26
